 Dungeon Crawl Stone Soup version 0.14-a0-1696-g06d0eec (webtiles) character file.

648 ReteAZ the Digger (level 6, 0/49 HPs)
             Began as a Deep Dwarf Earth Elementalist on Dec 30, 2013.
             Was an Initiate of Makhleb.
             Slain by a goliath beetle zombie (20 damage)
             ... on Level 5 of the Dungeon.
             The game lasted 00:25:01 (3260 turns).

ReteAZ the Digger (Deep Dwarf Earth Elementalist)   Turns: 3260, Time: 00:25:02

HP   0/49        AC  4     Str 11      XL: 6   Next: 81%
MP   6/10        EV 12     Int 16      God: Makhleb [......]
Gold 182         SH  0     Dex 13      Spells:  2 memorised,  6 levels left

rFire  . . .     SeeInvis .     s - +9 Staff of Wucad Mu
rCold  . . .     Clarity  .     c - +1 robe
rNeg   . . .     Conserve .     (no shield)
rPois  .         rCorr    .     (no helmet)
rElec  .         rRot     .     (no cloak)
SustAb . .       Spirit   .     (no gloves)
rMut   .         Warding  .     (no boots)
Saprov . . .     Stasis   .     (no amulet)
                                (no ring)
                                (no ring)

@: non-regenerating, somewhat resistant to hostile enchantments, fairly stealthy
A: damage resistance, recharge devices, molten scales 1, sense surroundings 1,
screaming 1, slow healing 3, weak 1
a: Device Recharging, Renounce Religion


You were on level 5 of the Dungeon.
You worshipped Makhleb.
Makhleb was noncommittal.
You were not hungry.

You visited 2 branches of the dungeon, and saw 6 of its levels.

You collected 182 gold pieces.

Inventory:

Hand weapons
 s - the +9,+9 Staff of Wucad Mu (weapon)
   (You found it on level 3 of the Dungeon)
 u - a +0,+0 hand axe of freezing
Missiles
 b - 54 stones
 e - 2 tomahawks
 h - 25 darts
 w - a dart of frost
 y - 5 poisoned tomahawks (quivered)
Armour
 c - a +1 robe (worn)
Magical devices
 a - a wand of heal wounds (6)
Comestibles
 f - 4 bread rations
 j - an orange
 n - a chunk of bat flesh
 o - 5 meat rations
 r - an apricot
 x - 4 chunks of orc flesh
Scrolls
 g - 4 scrolls of identify
Jewellery
 t - an uncursed ring of ice
Potions
 i - 2 potions of speed {unknown}
 l - a potion of berserk rage {unknown}
 m - a potion of agility
 p - 5 potions of heal wounds
 q - a potion of confusion
 v - a potion of invisibility
 z - a potion of resistance
 B - a potion of brilliance {unknown}
Books
 d - a book of Geomancy

   Spells                             Type                      Level
   *Sandblast                         Earth                        1
   *Stoneskin                         Transmutation/Earth          2
   Passwall                           Transmutation/Earth          3
   Stone Arrow                        Conjuration/Earth            3
   Petrify                            Transmutation/Earth          4
   Lee's Rapid Deconstruction         Earth                        5


   Skills:
 * Level 5.5 Axes
 - Level 2.1 Dodging
 - Level 2.4 Stealth
 - Level 2.1 Spellcasting
 - Level 0.8 Transmutations
 + Level 7.2 Earth Magic


You had 6 spell levels left.
You knew the following spells:

 Your Spells              Type           Power        Failure   Level  Hunger
a - Sandblast             Erth           ####..       1%          1    #......
b - Stoneskin             Trmt/Erth      ##........   8%          2    ###....


Dungeon Overview and Level Annotations

Branches:
Dungeon (5/16)             Temple (1/1) D:5

Altars:
Kikubaaqudgha
Makhleb
Nemelex Xobeh
Okawaru
Yredelemnul
Zin


Innate Abilities, Weirdness & Mutations

You are resistant to damage.
You can recharge devices by infusing magical energy.
You passively map a small area around you.
You do not heal naturally.
You are partially covered in molten scales (AC +1).
You occasionally shout uncontrollably.
You are weak. (Str -2)


Message History

The rocky blast hits the goliath beetle zombie.
Casting: Sandblast
Confirm with . or Enter, or press ? or * to list all spells.
Aiming: Sandblast
Press: ? - help, Shift-Dir - straight line, f/p - goliath beetle zombie
Aim: a goliath beetle zombie The rocky blast hits the goliath beetle zombie.
Casting: Sandblast
Confirm with . or Enter, or press ? or * to list all spells.
Aiming: Sandblast
Press: ? - help, Shift-Dir - straight line, f/p - goliath beetle zombie
Aim: a goliath beetle zombie The rocky blast hits the goliath beetle zombie.
Wield which item (- for none, * to show all)? (? for menu, Esc to quit)
s - the +9,+9 Staff of Wucad Mu (weapon)
Some of the chunks of flesh in your inventory have completely rotted away.
You hit the goliath beetle zombie. You hit the goliath beetle zombie.
You hit the goliath beetle zombie. The goliath beetle zombie bites you!
You die...

, ** #.....### , ##......# *
##.....## , ## ,,
#####....## ...####
###...##....# , .......#
#......##...##
.......########.......#..%.#
,,
,#..?..#...#.....#...##...#
, * #......z@....##........#
, * ##...........###......##
, #....#...#### ##.....# *
########## #######


You could see a goliath beetle zombie.

Vanquished Creatures
  2 ogres (D:4)
  A giant frog (D:4)
  An orc priest (D:3)
  2 orc wizards (D:4)
  A worker ant (D:4)
  5 adders
  A giant mite (D:1)
  3 giant geckos
  11 orcs
  7 bats
  4 giant cockroaches
  3 goblins
  7 hobgoblins
  8 jackals (D:1)
  5 kobolds
  2 quokkas (D:4)
  A ball python (D:1)
  5 giant newts
  12 rats
81 creatures vanquished.

Notes
Turn   | Place    | Note
--------------------------------------------------------------
     0 | D:1      | ReteAZ, the Deep Dwarf Earth Elementalist, began the quest for the Orb.
     0 | D:1      | Reached XP level 1. HP: 15/15 MP: 2/2
   111 | D:1      | Reached XP level 2. HP: 20/22 MP: 0/4
   394 | D:1      | Reached skill level 5 in Earth Magic
   494 | D:1      | Learned a level 2 spell: Stoneskin
   622 | D:1      | Reached XP level 3. HP: 8/28 MP: 0/6
  1392 | D:2      | Reached skill level 1 in Axes
  1488 | D:2      | Reached XP level 4. HP: 27/36 MP: 3/7
  1648 | D:3      | Reached skill level 6 in Earth Magic
  1685 | D:3      | Gained mutation: You are partially covered in molten scales (AC +1). [potion of mutation]
  1685 | D:3      | Gained mutation: You occasionally shout uncontrollably. [potion of mutation]
  1685 | D:3      | Gained mutation: You are weak. (Str -2) [potion of mutation]
  2273 | D:4      | Reached XP level 5. HP: 5/42 MP: 9/9
  2656 | D:4      | Noticed an ogre
  2673 | D:4      | HP: 1/42 [ogre/giant club (24)]
  2676 | D:4      | Killed an ogre
  2676 | D:4      | Reached XP level 6. HP: 26/49 MP: 6/10
  2834 | D:4      | Reached skill level 7 in Earth Magic
  2898 | D:4      | Got a colourful robe
  2904 | D:4      | Identified the cursed +0 robe "Elidat" {Dex-4} (You found it on level 4 of the Dungeon)
  2978 | D:4      | Reached skill level 5 in Axes
  3057 | D:4      | Noticed an ogre
  3063 | D:4      | Killed an ogre
  3097 | D:5      | Entered Level 5 of the Dungeon
  3123 | D:5      | Found a staircase to the Ecumenical Temple.
  3134 | Temple   | Entered the Ecumenical Temple
  3143 | Temple   | Became a worshipper of Makhleb the Destroyer
  3260 | D:5      | Slain by a goliath beetle zombie

Action                   |  1- 3 |  4- 6 || total
-------------------------+-------+-------++-------
Melee: Dagger            |    13 |       ||    13
       Hand axe          |    23 |    81 ||   104
       Staff             |       |     9 ||     9
Throw: Dart              |     4 |     6 ||    10
       Stone             |     2 |       ||     2
       Tomahawk          |       |     4 ||     4
 Cast: Sandblast         |    40 |    45 ||    85
       Stoneskin         |     1 |    10 ||    11
Evoke: Wand              |       |     2 ||     2
  Use: Potion            |     2 |     5 ||     7
       Scroll            |       |    12 ||    12
 Stab: Sleeping          |       |     1 ||     1
